 Dungeon Crawl Stone Soup version 0.13-a0-2417-g818e1a6 (webtiles) character file.

2673 Rycklaryybbe the Reanimator (level 9, -14/68 HPs)
             Began as a Deep Dwarf Necromancer on July 17, 2013.
             Was an Initiate of Makhleb.
             Demolished by a hill giant
             ... wielding a +0,+0 giant club
              (15 damage)
             ... on Level 7 of the Dungeon.
             The game lasted 00:57:31 (7387 turns).

Rycklaryybbe the Reanimator (DDNe)                  Turns: 7387, Time: 00:57:31

HP -14/68        AC  8     Str 12      XL: 9   Next: 21%
MP  20/20        EV  5     Int 19      God: Makhleb [......]
Gold 304         SH  0     Dex 13      Spells:  6 memorised,  3 levels left

Res.Fire  : + . .   See Invis. : .   b - +1 elf blowgun
Res.Cold  : x . .   Warding    : .   l - +0 ring mail
Life Prot.: . . .   Conserve   : .   (no shield)
Res.Poison: .       Res.Corr.  : .   k - +0 helmet
Res.Elec. : .       Clarity    : .   M - +0 cloak
Sust.Abil.: . .     Spirit.Shd : .   (no gloves)
Res.Mut.  : +       Stasis     : .   (no boots)
Res.Rott. : .       Flight     : .   m - amulet of resist mutation
Saprovore : . . .                    I - +1 ring of evasion
                                     n - ring of fire

@: non-regenerating, held, somewhat resistant to hostile enchantments,
unstealthy
A: damage resistance, recharge devices, sense surroundings 2, slow healing 3
a: Device Recharging, Renounce Religion


You were on level 7 of the Dungeon.
You worshipped Makhleb.
Makhleb was noncommittal.
You were not hungry.

You visited 2 branches of the dungeon, and saw 8 of its levels.

You collected 284 gold pieces.

Inventory:

Hand weapons
 a - a +2,+2 whip of electrocution
 b - a +1 elven blowgun (weapon)
 j - a +0,+0 dwarven hand axe
 o - a +0,+0 spear
 w - a -2,-2 orcish hand axe
 x - a +0,+0 quarterstaff
 C - a cursed +0,+0 trident
 E - a +0,+0 short sword
 G - a +2,+4 scythe of venom
 H - a +0,+0 orcish dagger of returning
 L - a +4,+4 quarterstaff of chaos
 N - a +1,+1 dwarven hammer
 Q - a +0,+0 spear
Missiles
 f - 20 darts
 v - a throwing net [falling apart]
 y - 57 poisoned needles (quivered)
 R - a throwing net [falling apart]
Armour
 k - a +0 helmet (worn)
 l - a +0 ring mail (worn)
 u - a +0 helmet
 A - a +2 orcish robe of positive energy
 M - a +0 cloak (worn)
 O - a +0 robe
 P - a +0 steam dragon hide
Magical devices
 c - a wand of heal wounds (0)
 h - a wand of frost (8) {unknown}
 s - a wand of teleportation (0)
 z - a wand of cold (8) {unknown}
 B - a wand of fireball (0)
 F - a wand of slowing (4)
Comestibles
 d - 3 bread rations
 T - a lychee
 U - a meat ration
 V - a chunk of orc flesh
 W - a chunk of giant cockroach flesh
Scrolls
 e - 2 scrolls of fear
 g - a scroll of noise
 i - a scroll of teleportation
 D - 5 scrolls of identify
 J - a scroll of remove curse
 S - a scroll of curse jewellery {unknown}
Jewellery
 m - an amulet of resist mutation (around neck)
 n - a ring of fire (left hand)
 I - a +1 ring of evasion (right hand)
Potions
 q - a potion of agility {unknown}
 t - a potion of restore abilities
Books
 p - a book of Necromancy

   Spells                             Type                      Level
   *Pain                              Necromancy                   1
   *Animate Skeleton                  Necromancy                   1
   *Lethal Infusion                   Charms/Necromancy            2
   *Vampiric Draining                 Necromancy                   3
   Regeneration                       Charms/Necromancy            3
   *Animate Dead                      Necromancy                   4
   *Control Undead                    Necromancy                   4
 K - a book of Control

   Spells                             Type                      Level
   Control Teleport                   Charms/Translocation         4
   *Control Undead                    Necromancy                   4
   Enslavement                        Hexes                        4
   Mass Confusion                     Hexes                        6
   Metabolic Englaciation             Hexes/Ice                    6


   Skills:
 - Level 5.1 Armour
 - Level 2.1 Dodging
 - Level 2.4 Stealth
 * Level 5.1 Spellcasting
 + Level 10.7 Necromancy
 - Level 3.9 Evocations


You had 3 spell levels left.
You knew the following spells:

 Your Spells              Type           Power        Failure   Level  Hunger
a - Pain                  Necr           ####         1%          1    None
b - Animate Skeleton      Necr           N/A          1%          1    None
c - Lethal Infusion       Chrm/Necr      ####......   2%          2    None
d - Control Undead        Necr           #####.....   1%          4    ####...
e - Animate Dead          Necr           N/A          1%          4    ####...
z - Vampiric Draining     Necr           #####.....   1%          3    ###....


Dungeon Overview and Level Annotations

Branches:
Dungeon (7/27)             Temple (1/1) D:6             Orc (0/4) D:6

Altars:
Ashenzari
Cheibriados
Elyvilon
Kikubaaqudgha
Makhleb
Nemelex Xobeh
Trog
Yredelemnul
Zin

Shops:
D:5: /


Innate Abilities, Weirdness & Mutations

You are resistant to damage.
You can recharge devices by infusing magical energy.
You passively map the area around you.
You do not heal naturally.


Message History

You shoot a poisoned needle.
The poisoned needle hits the hill giant.
The hill giant throws a throwing net.
The throwing net hits you!
You become entangled in the net!
* * * LOW HITPOINT WARNING * * *
Unknown command.
You struggle to escape the net.
You try to slip out of the net.
You struggle against the net.
The hill giant hits you with a giant club!
* * * LOW HITPOINT WARNING * * *
Unknown command.
Evoke which item? (* to show all) (? for menu, Esc to quit)
Okay, then.
Quiver which item? (- for none, * to show all) (? for menu, Esc to quit)
Okay, then.
Drink which item? (? for menu, Esc to quit)
It has a very clean taste.
It was a potion of cure mutation.
The hill giant hits you with a giant club!
You die...

#z# ### # *
#.###########.#
, , ,
#z#..zzz......#
, *
#...######.####
*, * #.###
#.#### ,, ###
#.z..# * ,
#z#### , #z# *
* #@# * ,
#.C.>..... *
####.#### ,* #
*, *


You could see a hill giant, 2 friendly orc zombies and the friendly Eustachio
the human zombie.

Vanquished Creatures
  Pikel (D:5)
  Eustachio (D:7)
  A steam dragon (D:7)
  Menkaure (D:7)
  A phantom (D:5)
  A slave (D:5)
  An ogre (D:5)
  A centaur (D:6)
  2 orc warriors
  2 giant frogs
  2 crimson imps
  5 orc priests
  Crazy Yiuf (D:4)
  A centaur skeleton (D:5)
  Sigmund (D:3)
  A giant frog skeleton (D:4)
  2 hounds
  An iguana (D:5)
  2 scorpions (D:5)
  2 worker ants
  7 orc wizards
  A hound skeleton (D:5)
  Terence (D:2)
  4 gnolls (D:6)
  5 adders
  A green rat (D:7)
  A giant mite (D:5)
  3 worms (D:4)
  Ijyb (D:2)
  An iguana zombie (D:6)
  5 giant geckos
  An ooze (D:3)
  26 orcs
  2 ball pythons (D:1)
  14 bats
  8 hobgoblins
  2 jackals (D:2)
  10 kobolds
  4 quokkas
  7 giant cockroaches
  3 giant newts
  11 goblins
  A hobgoblin skeleton (D:4)
  12 rats
  A rat skeleton (D:6)
  7 ballistomycetes (D:6)
169 creatures vanquished.

Vanquished Creatures (collateral kills)
  An adder (D:5)
  A ball python (D:2)
  A goblin (D:1)
  A hobgoblin (D:1)
  A kobold (D:3)
  2 rats
  A fungus (D:4)
8 creatures vanquished.

Vanquished Creatures (others)
  A giant frog skeleton (D:5)
  An adder skeleton (D:5)
  2 orcs (D:5)
  4 bat skeletons
  2 giant gecko skeletons
  A giant spore (D:6)
  2 gnoll skeletons (D:6)
  A goblin (D:6)
  A hobgoblin skeleton (D:4)
  A human skeleton (D:3)
  2 jackals (D:4)
  A jackal skeleton (D:2)
  A kobold (D:5)
  2 kobold skeletons
  7 orc skeletons
29 creatures vanquished.

Grand Total: 206 creatures vanquished

Notes
Turn   | Place    | Note
--------------------------------------------------------------
     0 | D:1      | Rycklaryybbe, the Deep Dwarf Necromancer, began the quest for the Orb.
     0 | D:1      | Reached XP level 1. HP: 15/15 MP: 3/3
   225 | D:1      | Reached XP level 2. HP: 17/22 MP: 4/4
   229 | D:1      | Learned a level 1 spell: Animate Skeleton
   263 | D:1      | Reached skill level 5 in Necromancy
   986 | D:2      | Noticed Ijyb
  1066 | D:2      | Reached XP level 3. HP: 21/28 MP: 5/5
  1282 | D:2      | Noticed Terence
  1319 | D:1      | Learned a level 2 spell: Lethal Infusion
  1548 | D:2      | Killed Terence
  1818 | D:2      | Killed Ijyb
  1818 | D:2      | Reached XP level 4. HP: 30/36 MP: 5/8
  2269 | D:3      | Noticed Sigmund
  2287 | D:3      | Killed Sigmund
  2287 | D:3      | Reached XP level 5. HP: 26/42 MP: 10/10
  2453 | D:3      | Your ally Sigmund died
  2489 | D:3      | Learned a level 3 spell: Vampiric Draining
  2907 | D:4      | Reached skill level 6 in Necromancy
  3418 | D:4      | Reached skill level 7 in Necromancy
  3458 | D:4      | Reached XP level 6. HP: 23/49 MP: 6/12
  3602 | D:4      | Noticed Crazy Yiuf
  3618 | D:4      | Killed Crazy Yiuf
  3750 | D:5      | Entered Level 5 of the Dungeon
  3859 | D:5      | Reached skill level 8 in Necromancy
  4039 | D:5      | Noticed Pikel
  4053 | D:5      | Killed Pikel
  4053 | D:5      | Reached XP level 7. HP: 19/55 MP: 12/17
  4272 | D:5      | Reached skill level 5 in Spellcasting
  4272 | D:5      | Reached XP level 8. HP: 29/62 MP: 12/19
  4335 | D:5      | Reached skill level 9 in Necromancy
  4500 | D:5      | Learned a level 4 spell: Control Undead
  4626 | D:5      | Found Fienuhir's Magical Wand Shop.
  4706 | D:5      | Reached skill level 1 in Armour
  5425 | D:6      | Found a staircase to the Orcish Mines.
  5930 | D:6      | Reached skill level 10 in Necromancy
  6635 | D:6      | Found a staircase to the Ecumenical Temple.
  6672 | D:6      | Reached skill level 5 in Armour
  6684 | Temple   | Entered the Ecumenical Temple
  6708 | Temple   | Became a worshipper of Makhleb the Destroyer
  6805 | D:7      | Noticed Menkaure
  6972 | D:7      | Noticed Eustachio
  6984 | D:7      | Found a white marble altar of Elyvilon.
  6984 | D:7      | Found a sparkling altar of Nemelex Xobeh.
  7004 | D:7      | Reached skill level 1 in Evocations
  7004 | D:7      | Gained mutation: You passively map the area around you. [level up]
  7004 | D:7      | Reached XP level 9. HP: 28/68 MP: 7/20
  7009 | D:7      | Killed Eustachio
  7025 | D:7      | Learned a level 4 spell: Animate Dead
  7178 | D:7      | Killed Menkaure
  7381 | D:7      | Noticed a hill giant
  7386 | D:7      | HP: 1/68 [hill giant/giant club (6)]
  7387 | D:7      | Demolished by a hill giant

Action                   |  1- 3 |  4- 6 |  7- 9 || total
-------------------------+-------+-------+-------++-------
Melee: Hand axe          |   149 |   100 |       ||   249
       Unarmed           |     2 |       |       ||     2
       Scythe            |       |    28 |    22 ||    50
       Trident           |       |    11 |       ||    11
       Quarterstaff      |       |    10 |       ||    10
       Whip              |       |       |   120 ||   120
 Fire: Blowgun           |       |       |    19 ||    19
Throw: Dart              |    15 |       |    12 ||    27
       Spear             |       |       |     2 ||     2
       Dagger            |       |       |     1 ||     1
       Hand axe          |       |       |     1 ||     1
 Cast: Pain              |     5 |     4 |     3 ||    12
       Animate Skeleton  |     5 |    10 |    10 ||    25
       Lethal Infusion   |     3 |     1 |       ||     4
       Vampiric Draining |       |    19 |    67 ||    86
       Control Undead    |       |       |     1 ||     1
       Animate Dead      |       |       |     2 ||     2
Evoke: Wand              |     2 |    11 |       ||    13
  Use: Scroll            |     9 |     3 |     1 ||    13
       Potion            |     2 |     1 |     7 ||    10
 Stab: Sleeping          |     1 |       |       ||     1
       Distracted        |       |       |     1 ||     1
